 Dungeon Crawl Stone Soup version 0.18.1-8-gdd0e5ea (webtiles) character file.

79 nikopol the Skirmisher (level 4, -3/41 HPs)
             Began as a Minotaur Berserker on May 24, 2016.
             Was a Believer of Trog.
             Slain by PeterLawrence's ghost (10 damage)
             ... while paralysed
             ... on level 3 of the Dungeon.
             The game lasted 00:03:43 (1427 turns).

nikopol the Skirmisher (Minotaur Berserker)         Turns: 1427, Time: 00:03:43

Health: -3/41      AC: 10    Str: 21    XL:     4   Next: 16%
Magic:  3/3        EV:  2    Int:  4    God:    Trog [**....]
Gold:   158        SH:  0    Dex: 11    Spells: 0 memorised, 3 levels left

rFire  . . .     SeeInvis .     a - +0 spear
rCold  . . .     Gourm    .     j - +0 scale mail
rNeg   . . .     Faith    .     (no shield)
rPois  .         Spirit   .     (helmet restricted)
rElec  .         Dismiss  .     k - +0 cloak
rCorr  .         Reflect  .     (no gloves)
SustAt .         Harm     .     u - +1 pair of boots
MR     .....                    (no amulet)
Stlth  ..........               (no ring)
                                (no ring)

@: paralysed, exhausted, slowed, not resistant to hostile enchantments,
extremely unstealthy
A: retaliatory headbutt, horns 2
a: Berserk, Trog's Hand, Burn Spellbooks, Renounce Religion


You were on level 3 of the Dungeon.
You worshipped Trog.
Trog was pleased with you.
You were hungry.

You visited 1 branch of the dungeon, and saw 3 of its levels.

You collected 158 gold pieces.

Inventory:

Hand Weapons
 a - a +0 spear (weapon)
Missiles
 r - 28 arrows
Armour
 b - a +0 animal skin
 j - a +0 scale mail (worn)
 k - a +0 cloak (worn)
 u - a +1 pair of boots (worn)
Scrolls
 d - a scroll of amnesia {unknown}
 e - a scroll of recharging {unknown}
 g - 5 scrolls of identify {unknown}
 l - 2 scrolls of immolation {unknown}
 m - 3 scrolls of teleportation {unknown}
 n - a scroll of fog {unknown}
 o - a scroll of blinking {unknown}
 p - a scroll of magic mapping {unknown}
 q - 2 scrolls of remove curse {unknown}
 s - a scroll of enchant weapon {unknown}
 y - a scroll of fear {unknown}
Potions
 f - a potion of ambrosia {unknown}
 h - 3 potions of degeneration {unknown}
 i - 2 potions of magic {unknown}
 t - a potion of flight {unknown}
 v - a potion of agility {unknown}
 x - a potion of haste {unknown}
 z - a potion of heal wounds {unknown}
Comestibles
 c - 2 bread rations
 w - a slice of pizza
 A - a beef jerky


   Skills:
 + Level 4.6 Fighting
 + Level 4.4 Polearms
 + Level 2.8 Armour
 + Level 3.1 Dodging


You had 3 spell levels left.
You didn't know any spells.

Dungeon Overview and Level Annotations

Branches:
Dungeon (3/15)

Altars:

Annotations:
D:3 PeterLawrence's ghost, amateur GrFi


Innate Abilities, Weirdness & Mutations

You reflexively headbutt those who attack you in melee.
You have a pair of horns on your head.


Message History

You hit PeterLawrence's ghost but do no damage.
PeterLawrence's ghost is heavily damaged.
PeterLawrence's ghost hits you!
* * * LOW HITPOINT WARNING * * *
You puncture PeterLawrence's ghost!
You headbutt PeterLawrence's ghost, but do no damage.
PeterLawrence's ghost is severely damaged.
PeterLawrence's ghost hits you but does no damage.
You hit PeterLawrence's ghost. You headbutt PeterLawrence's ghost.
PeterLawrence's ghost is almost destroyed.
You hit PeterLawrence's ghost but do no damage.
PeterLawrence's ghost is almost destroyed.
You are no longer berserk.
You pass out from exhaustion.
You feel yourself slow down.
You are feeling hungry.
PeterLawrence's ghost hits you.
* * * LOW HITPOINT WARNING * * *
PeterLawrence's ghost hits you!
You die...

#. #)..##
#.#.....##
#........#
#........
###.$.....
........
#..#w.
#..#W#
#..#@##
#.....####
#..........
#..>..#####
#..#...#
#..#.#.#
#....#...
#..#####.#
#....#. .#


You could see a worm and PeterLawrence's ghost.

Vanquished Creatures
  2 adders (D:2)
  3 worms
  3 dart slugs
  A giant gecko (D:2)
  4 bats
  A giant cockroach (D:3)
  3 goblins (D:2)
  4 hobgoblins
  7 jackals
  2 quokkas
  5 giant newts
  6 kobolds
  5 rats
46 creatures vanquished.

Notes
Turn   | Place    | Note
--------------------------------------------------------------
     0 | D:1      | nikopol the Minotaur Berserker began the quest for the Orb.
     0 | D:1      | Reached XP level 1. HP: 19/19 MP: 0/0
   136 | D:1      | Reached XP level 2. HP: 20/27 MP: 1/1
   653 | D:2      | Reached XP level 3. HP: 33/33 MP: 2/2
   697 | D:2      | Reached ** piety under Trog
  1216 | D:3      | Reached XP level 4. HP: 41/41 MP: 3/3
  1399 | D:3      | Noticed PeterLawrence's ghost (amateur GrFi)
  1427 | D:3      | Slain by PeterLawrence's ghost

Skill      XL: |  1  2  3 |
---------------+----------+-----
Polearms       | 4 |  4.4
Fighting       | 4 |  4.6
Dodging        | 3 |  3.1
Armour         | |  2.8

Action                   |  1- 3 |  4- 6 || total
-------------------------+-------+-------++-------
Melee: Spear             |   120 |    42 ||   162
       Headbutt          |    17 |     9 ||    26
Invok: Berserk           |       |     1 ||     1
  Eat: Chunk             |     1 |     1 ||     2
Armor: Scale mail        |    26 |     5 ||    31
Dodge: Dodged            |    31 |     7 ||    38
